 Dungeon Crawl Stone Soup version 0.29-a0-330-g52719c12eb (webtiles) character file.

Game seed: 12803462442337317993

2604626 Charly the Slayer (level 26, 235/235 HPs)
             Began as a Demonspawn Wanderer on May 6, 2022.
             Was a High Priest of Wu Jian.
             Escaped with the Orb
             ... and 4 runes on May 7, 2022!
             The game lasted 04:32:58 (58440 turns).

Charly the Slayer (Demonspawn Wanderer)            Turns: 58440, Time: 04:32:58

Health: 235/235    AC: 40    Str: 30    XL:     26   Next: 80%
Magic:  37/37      EV: 21    Int: 10    God:    Wu Jian [*****.]
Gold:   6326       SH: 20    Dex: 16    Spells: 40/45 levels left

rFire   + . .      SeeInvis +   a - +9 demon whip (flame)
rCold   + + .      Faith    .   i - +3 buckler {rF+}
rNeg    . . .      Spirit   .   h - +7 ice dragon scales
rPois   +          Reflect  +   (helmet unavailable)
rElec   +          Harm     .   F - +2 cloak {rCorr}
rCorr   +          Rampage  .   z - +2 pair of gloves
Will    ++...                   X - +2 pair of boots {Fly}
Stlth   +.........              l - amulet "Riusixto" {Reflect rElec Int-5 Slay+5 SH+5}
HPRegen 0.49/turn               c - ring "Ebalupto" {*Slow Str+6 Slay+3 Stlth+}
MPRegen 0.25/turn               N - ring "Obuchi" {rPois rF+ Will+ Dex+6 Slay+3}

@: flying, studying 3 skills
A: antennae 3, foul stench 3, powered by death 3, black mark, sharp scales 3,
bedeviling, large bone plates 1, clumsy 2, sense surroundings 1, strong 1,
subdued magic 1, MP-powered wands
0: Orb of Zot
}: 4/15 runes: barnacled, slimy, silver, gossamer
a: Renounce Religion, Wall Jump, Serpent's Lash, Heavenly Storm


You escaped.
You worshipped Wu Jian.
Wu Jian was extremely pleased with you.
You visited 11 branches of the dungeon, and saw 54 of its levels.
You also visited: Bailey, Gauntlet, Ice Cave and Desolation.

You collected 10386 gold pieces.
You spent 4060 gold pieces at shops.

Inventory:

Hand Weapons
 a - a +9 demon whip of flaming (weapon)
Missiles
 J - 14 throwing nets
Armour
 h - +7 ice dragon scales (worn)
 i - a +3 buckler of fire resistance (worn)
 z - a +2 pair of gloves (worn)
 F - a +2 cloak of preservation (worn)
 X - a +2 pair of boots of flying (worn)
Jewellery
 c - the ring "Ebalupto" (left hand) {*Slow Str+6 Slay+3 Stlth+}
   (You took it off an ironbound preserver on level 3 of the Vaults)

   [ring of strength]

   Str:       It affects your strength (+6).
   Slay:      It affects your accuracy & damage with ranged weapons and melee
   (+3).
   *Slow:     It may slow you when you take damage.
   Stlth:     It makes you more stealthy.
 f - the ring of Cidupur {rPois rF+ MP+9 Str+4}
   (You found it on level 3 of the Elven Halls)

   [ring of protection from fire]

   Str:       It affects your strength (+4).
   rF:        It protects you from fire.
   rPois:     It protects you from poison.
   MP:        It affects your magic capacity (+9).
 l - the amulet "Riusixto" (around neck) {Reflect rElec Int-5 Slay+5 SH+5}
   (You found it in the Desolation of Salt)

   [amulet of reflection]

   It reflects blocked missile attacks.
   Int:       It affects your intelligence (-5).
   Slay:      It affects your accuracy & damage with ranged weapons and melee
   (+5).
   rElec:     It insulates you from electricity.
   SH:        It affects your SH (+5).
 m - the ring "Jamuqaf" {Fly Will+ Str+6}
   (You took it off a frost giant on level 5 of the Vaults)

   [ring of willpower]

   Str:       It affects your strength (+6).
   Fly:       It grants you flight.
   Will:      It increases your willpower.
 n - a ring of positive energy
 B - the dreamshard necklace {*Dream Drain}
   (You took it off a deep elf blademaster on level 3 of the Elven Halls)

   [amulet of nothing]

   It shatters if its wearer takes lethal or near-lethal damage, preventing the
   blow and releasing protective dreams that heal and fight for the wearer.
   Drain:     It drains your maximum health when unequipped.
 C - the ring "Somoi" {rCorr Slay+4}
   (You found it on level 13 of the Dungeon)

   [ring of slaying]

   Slay:      It affects your accuracy & damage with ranged weapons and melee
   (+4).
   rCorr:     It protects you from acid and corrosion.
 E - a ring of fire
 K - the amulet of Goirph {rPois rF++ rC+ Regen+ Dex-4}
   (You took it off a deep elf master archer on level 3 of the Elven Halls)

   [amulet of regeneration]

   Dex:       It affects your dexterity (-4).
   rF:        It greatly protects you from fire.
   rC:        It protects you from cold.
   rPois:     It protects you from poison.
   Regen:     It increases your rate of health regeneration.
 N - the ring "Obuchi" (right hand) {rPois rF+ Will+ Dex+6 Slay+3}
   (You acquired it in a bailey)

   [ring of dexterity]

   Dex:       It affects your dexterity (+6).
   Slay:      It affects your accuracy & damage with ranged weapons and melee
   (+3).
   rF:        It protects you from fire.
   rPois:     It protects you from poison.
   Will:      It increases your willpower.
Wands
 b - a wand of iceblast (60)
 t - a wand of digging (21)
 M - a wand of mindburst (19)
 P - a wand of acid (69)
 W - a wand of charming (4)
 Y - a wand of paralysis (5)
Scrolls
 e - 2 scrolls of enchant weapon
 o - 3 scrolls of silence
 u - 7 scrolls of summoning
 x - 20 scrolls of teleportation
 A - 8 scrolls of fear
 G - 14 scrolls of vulnerability
 H - 10 scrolls of fog
 I - 9 scrolls of blinking
 T - 8 scrolls of immolation
Potions
 g - 9 potions of mutation
 j - 18 potions of heal wounds
 k - 4 potions of invisibility
 q - 16 potions of curing
 r - 7 potions of flight
 s - 2 potions of might
 v - 6 potions of berserk rage
 w - 4 potions of haste
 y - 7 potions of lignification
 L - 5 potions of magic
 O - 9 potions of cancellation
 R - 8 potions of attraction
 U - 8 potions of ambrosia
 Z - 5 potions of resistance
Miscellaneous
 d - a condenser vane
 p - a tin of tremorstones (2/2)
 D - a lightning rod (4/4)
 Q - a phial of floods
 S - a box of beasts
 V - a phantom mirror


   Skills:
 - Level 25.0 Fighting
 - Level 1.5(2.3) Short Blades
 - Level 2.6(2.9) Long Blades
 - Level 15.0 Maces & Flails
 - Level 4.0 Throwing
 + Level 22.9 Armour
 - Level 20.0 Dodging
 - Level 3.4 Stealth
 - Level 14.5 Shields
 - Level 10.0 Spellcasting
 - Level 5.0 Transmutations
 - Level 15.0 Evocations


You had 40 spell levels left.
You knew the following spells:

 Your Spells              Type           Power      Damage    Failure   Level
a - Beastly Appendage     Tmut           22%        N/A       2%          1
w - Wereblood             Tmut           11%        N/A       3%          2
P - Passwall              Tmut/Erth      5%         N/A       12%         2

Your spell library contained the following spells:

 Spells                   Type           Power      Damage    Failure   Level
 Sting                    Tmut/Pois      28%        1d4       7%          1
 Animate Skeleton         Necr           6%         N/A       22%         1
 Apportation              Tloc           6%         N/A       22%         1
 Foxfire                  Conj/Fire      12%        2x1d4     22%         1
 Magic Dart               Conj           12%        1d3       22%         1
 Sandblast                Erth           6%         2d5       22%         1
 Shock                    Conj/Air       12%        1d3       22%         1
 Summon Small Mammal      Summ           12%        N/A       22%         1
 Spider Form              Tmut/Pois      7%         N/A       22%         3
 Call Imp                 Summ           3%         N/A       32%         2
 Corpse Rot               Necr/Air       6%         N/A       32%         2
 Ensorcelled Hibernation  Hex/Ice        10%        N/A       32%         2
 Poisonous Vapours        Pois/Air       6%         N/A       32%         2
 Scorch                   Fire           6%         2d5       32%         2
 Static Discharge         Conj/Air       3%         N/A       32%         2
 Sublimation of Blood     Necr           3%         N/A       32%         2
 Ignite Poison            Fire/Tmut/Pois 6%         N/A       32%         3
 Call Canine Familiar     Summ           3%         N/A       54%         3
 Confusing Touch          Hex            5%         N/A       54%         3
 Conjure Flame            Conj/Fire      3%         6-21      54%         3
 Dazzling Flash           Conj/Hex       10%        N/A       54%         3
 Gell's Gravitas          Tloc           3%         N/A       54%         3
 Inner Flame              Hex/Fire       5%         N/A       54%         3
 Lesser Beckoning         Tloc           3%         N/A       54%         3
 Mephitic Cloud           Conj/Pois/Air  3%         N/A       54%         3
 Portal Projectile        Hex/Tloc       10%        N/A       54%         3
 Stone Arrow              Conj/Erth      6%         3d7       54%         3
 Swiftness                Air            3%         N/A       54%         3
 Teleport Other           Tloc           3%         N/A       54%         3
 Tukima's Dance           Hex            5%         N/A       54%         3
 Ice Form                 Ice/Tmut       7%         N/A       61%         4
 Petrify                  Tmut/Erth      7%         N/A       61%         4
 Blade Hands              Tmut           5%         N/A       61%         5
 Airstrike                Air            1%         N/A       92%         4
 Anguish                  Hex/Necr       2%         N/A       92%         4
 Animate Armour           Summ/Erth      6%         N/A       92%         4
 Animate Dead             Necr           1%         N/A       92%         4
 Cause Fear               Hex            2%         N/A       92%         4
 Dispel Undead            Necr           3%         3d7       92%         4
 Flame Wave               Conj/Fire      3%         2d4       92%         4
 Fulminant Prism          Conj/Hex       2%         3d6       92%         4
 Hailstorm                Conj/Ice       3%         3d3       92%         4
 Iskenderun's Mystic Bla  Conj/Tloc      3%         2d3       92%         4
 Leda's Liquefaction      Hex/Erth       2%         N/A       92%         4
 Olgreb's Toxic Radiance  Pois           3%         N/A       92%         4
 Passage of Golubria      Tloc           3%         N/A       92%         4
 Alistair's Intoxication  Tmut/Pois      4%         N/A       92%         5
 Irradiate                Conj/Tmut      3%         3d14      92%         5
 Yara's Violent Unravell  Hex/Tmut       5%         3d4       92%         5
 Borgnjor's Vile Clutch   Necr/Erth      1%         N/A       100%        5
 Excruciating Wounds      Necr           1%         N/A       100%        5
 Fireball                 Conj/Fire      1%         3d3       100%        5
 Freezing Cloud           Conj/Ice/Air   1%         6-21      100%        5
 Iskenderun's Battlesphe  Conj           3%         2d6       100%        5
 Lee's Rapid Deconstruct  Erth           1%         3d5*      100%        5
 Lightning Bolt           Conj/Air       1%         1d12      100%        5
 Silence                  Hex/Air        2%         N/A       100%        5
 Summon Forest            Summ/Tloc      1%         N/A       100%        5
 Conjure Ball Lightning   Conj/Air       1%         3x3d6     100%        6
 Death Channel            Necr           1%         N/A       100%        6
 Dispersal                Tloc           1%         N/A       100%        6
 Eringya's Noxious Bog    Tmut/Pois      3%         N/A       100%        6
 Iron Shot                Conj/Erth      1%         9d1       100%        6
 Simulacrum               Ice/Necr       1%         N/A       100%        6
 Starburst                Conj/Fire      1%         6d3       100%        6
 Statue Form              Tmut/Erth      4%         N/A       100%        6
 Enfeeble                 Hex            2%         N/A       100%        7
 Orb of Destruction       Conj           1%         9d5       100%        7
 Ozocubu's Refrigeration  Ice            1%         4d5       100%        7
 Storm Form               Tmut/Air       3%         N/A       100%        7
 Borgnjor's Revivificati  Necr           1%         N/A       100%        8
 Discord                  Hex            2%         N/A       100%        8
 Disjunction              Tloc           1%         N/A       100%        8
 Ignition                 Fire           1%         3d3       100%        8
 Lehudib's Crystal Spear  Conj/Erth      1%         10d2      100%        8
 Maxwell's Capacitive Co  Air            1%         ∞         100%        8
 Necromutation            Tmut/Necr      3%         N/A       100%        8
 Death's Door             Necr           1%         N/A       100%        9
 Polar Vortex             Ice            1%         N/A       100%        9


Dungeon Overview and Level Annotations

Branches:
Dungeon (15/15)            Temple (1/1) D:7            Lair (6/6) D:8
 Shoals (4/4) Lair:4       Spider (4/4) Lair:4        Slime (5/5) Lair:6
    Orc (2/2) D:12            Elf (3/3) Orc:2        Vaults (5/5) D:13
  Crypt (0/3) Vaults:2     Depths (4/4) D:15            Zot (5/5) Depths:4
 Bailey (visited)           IceCv (visited)         Desolation (visited)
Gauntlet (visited)

Altars:
Ashenzari
Cheibriados
Dithmenos
Elyvilon
Fedhas
Gozag
Hepliaklqana
Kikubaaqudgha
Makhleb
Nemelex Xobeh
Okawaru
Qazlal
Ru
Sif Muna
Trog
Uskayaw
Vehumet
Wu Jian
Xom
Yredelemnul
Zin
The Shining One
Jiyva

Shops:
D:3 (   D:4 *   D:5 **   Orc:1 =   Orc:2 (*[[=   Elf:3 (   Vaults:1 (*
Vaults:2 [   Vaults:4 !

Portals:
Hell: Depths:1 Depths:2 Depths:3 Depths:4
Abyss: Depths:3
Pandemonium: Depths:2 Depths:4
Ziggurat: Depths:1
Trove: Elf:1 (give 18 potions of curing)

Annotations:
Depths:1 Boris
Zot:4 2 transporters, Eceiz's ghost, legendary GnWn


Innate Abilities, Weirdness & Mutations

You have a pair of large antennae on your head. (SInv)
You frequently emit foul miasma when damaged in melee.
You regenerate a lot of health from kills.
Your melee attacks may debilitate your foes.
You are completely covered in razor-sharp scales. (AC +3, Slay +3)
Your hexes are more powerful.
You are partially covered in large bone plates. (SH +4)
You are very clumsy. (Dex -4)
You passively map a small area around you.
Your muscles are strong. (Str +2)
Your spells are a little easier to cast, but a little less powerful.
You expend magic power (3 MP) to strengthen your wands.


Message History

(D) Dungeon (T) Temple (L) Lair (A) Shoals (N) Spider Nest (M) Slime Pits (O) Orcish Mines (E) Elven Halls (V) Vaults (C) Crypt (U) Depths (H) Hell (Z) Zot
Where to? (Enter - D:1 @ (x,y), ? - help)
A Tzitzimitl comes into view.
There is a stone staircase leading up here.
You barely miss the Tzitzimitl.
You punish the Tzitzimitl, causing immense pain!!!
You burn the Tzitzimitl!
The Tzitzimitl is heavily wounded.
The Tzitzimitl engulfs you! The Tzitzimitl drains your vigour!
You feel yourself slow down. The Tzitzimitl completely misses you.
You punish the Tzitzimitl, causing immense pain!!!
You burn the Tzitzimitl.
You kill the Tzitzimitl!
The Council accepts your kill.
(D) Dungeon (T) Temple (L) Lair (A) Shoals (N) Spider Nest (M) Slime Pits (O) Orcish Mines (E) Elven Halls (V) Vaults (C) Crypt (U) Depths (H) Hell (Z) Zot
Where to? (Enter - D:1 @ (x,y), ? - help) HP restored.
You feel yourself speed up.
There is a stone staircase leading up here.
You fly upwards.
There is a stone staircase leading down here.
There is a stone staircase leading up here.
You fly upwards.
There is a stone staircase leading down here.
There is an open door here.
There is a dry fountain, spattered with blood here.
There is a staircase leading out of the dungeon here.
Okay, then.
Okay, then.
Save game and exit?
Welcome back, Charly the Demonspawn Wanderer.
The Council says: Follow the path of wisdom and battle!
Press ? for a list of commands and other information.
You have escaped!

### #.#.# ####.##.##.###' ##
##.## #.......##.##.. .## ###.#
#.##.#####.#... ..## ##.####
#.##........... ...####.###.##
#.#...####.....
...'...##..#.######........+.....
...###.#.####⌠...⌠#.#...####.....
..###..#..###.....#..#.## ##....
.## #......##.>.@.#..### ##... ##
#...##.##.....##.# ##.. #
#...##.##⌠...⌠##.#### ##'
#......########...{.# #. ########
#.###.##.# ####. # #.# #.#
#.##.#####.##. ## #.# #.#
#............. .#######.# #.#
####.#####.... ......##.#
#.######.# #.#..


There were no monsters in sight!

Vanquished Creatures
  the Royal Jelly (Slime:5)
  3 dread liches
  6 orbs of fire
  3 ancient liches
  Boris (Depths:3)
  Frederick (Vaults:3)
  Saint Roka (Vaults:1)
  8 Killer Klowns (Zot:5)
  5 curse toes
  6 golden dragons
  Arachne (Spider:2)
  Nikola (Shoals:3)
  A Brimstone Fiend (D:11)
  A Tzitzimitl (D:3)
  A walking crystal tome (Zot:3)
  5 electric golems
  Rupert (D:13)
  4 walking earthen tomes
  15 tentacled monstrosities
  5 liches
  28 Orb Guardians
  5 deep elf blademasters
  4 deep elf master archers (Elf:3)
  Asterion (Vaults:1)
  The ghost of Aelig the Bewitcher, an adept KoEn of Uskayaw (Vaults:1)
  2 quicksilver dragons
  7 titans (Vaults:5)
  19 acid blobs
  2 walking frostbound tomes
  5 sphinxes
  Polyphemus (Shoals:2)
  7 death cobs
  Kirke (Shoals:2)
  3 draconian knights
  13 storm dragons
  Donald (Elf:3)
  9 shadow dragons
  5 tengu reavers
  A demonspawn warmonger (D:12)
  8 draconian monks
  17 frost giants
  5 rockslimes
  5 azure jellies
  4 narguns (Zot:3)
  Aizul (Elf:1)
  An iron dragon (Depths:3)
  9 fire giants
  5 deep elf sorcerers
  2 balrugs
  24 vault wardens
  5 deep elf elementalists (Elf:3)
  8 draconian scorchers
  5 emperor scorpions
  3 draconian shifters
  An orc warlord (Bailey)
  6 draconian annihilators
  2 reapers (Depths:1)
  15 very ugly things
  23 ironbound preservers
  10 quicksilver oozes
  A demonspawn corrupter (D:12)
  3 draconian stormcallers
  Louise (D:15)
  6 ghost moths
  A quicksilver ooze (shapeshifter) (Vaults:5)
  A broodmother (Spider:4)
  16 stone giants
  8 ironbound thunderhulks
  3 spriggan defenders
  2 grey draconians (Depths:4)
  2 war gargoyles
  9 deep elf annihilators
  8 green draconians
  3 deep elf demonologists
  3 vampire knights
  15 spark wasps
  4 halazid warlocks (Desolation)
  7 black draconians
  12 dire elephants
  5 entropy weavers
  3 minotaurs
  7 white draconians
  10 purple draconians
  9 red draconians
  10 yellow draconians
  Snorg (Orc:2)
  12 ettins
  9 deep elf death magi
  A merfolk javelineer (Depths:1)
  A green death (D:13)
  8 merfolk impalers
  12 yaktaur captains
  9 fire dragons
  The ghost of Charly the Carver, a journeyman HuCK of Xom (D:10)
  7 great orbs of eyes
  10 boulder beetles
  A caustic shrike simulacrum (IceCv)
  6 deep elf high priests
  4 ice dragons
  3 ragged hierophants (Desolation)
  6 peacekeepers (Desolation)
  3 hydras
  33 vault guards
  2 rakshasas
  3 radroaches
  5 death knights
  A two-headed ogre (shapeshifter) (Vaults:5)
  8 ironbound frosthearts
  2 ogre magi
  2 jorogumos (Spider:4)
  6 servants of whispers (Desolation)
  2 catoblepae
  18 centaur warriors
  12 two-headed ogres
  37 dancing weapons
  3 merfolk avatars
  An alligator snapping turtle (Shoals:4)
  2 spriggan air magi (Depths:4)
  5 deep troll shamans
  7 death yaks
  9 satyrs
  7 merfolk aquamancers
  A tengu warrior (Depths:2)
  A satyr (shapeshifter) (Vaults:3)
  A death scarab (Spider:4)
  7 deep troll earth magi
  6 orc high priests
  23 deep elf knights
  5 spriggan berserkers
  8 hell knights
  2 vampire magi
  5 sun demons
  2 fire crabs
  12 iron trolls
  4 sun moths
  Lodul (D:13)
  9 skeletal warriors
  3 sixfirhies
  10 pharaoh ants
  A shadow wraith (Vaults:2)
  A death drake (Gauntlet)
  68 deep trolls
  4 glowing orange brains
  6 sea snakes
  21 ironbound convokers
  A swamp dragon (shapeshifter) (Vaults:5)
  An orange crystal statue (IceCv)
  16 orb spiders
  A shadow demon (D:12)
  A flayed ghost (Depths:3)
  6 deep elf archers
  An obsidian statue (Vaults:1)
  7 steelbarb worms
  11 wizards
  28 harpies
  31 deep elf pyromancers
  8 orc knights
  13 lindwurms
  6 phantasmal warriors
  3 necromancers
  23 deep elf zephyrmancers
  23 fauns
  27 ugly things
  19 manticores
  An orc sorcerer (Orc:2)
  6 cyclopes
  A manticore (shapeshifter) (Vaults:1)
  10 wolf spiders
  3 shining eyes
  A shining eye (shapeshifter) (Vaults:5)
  4 black mambas
  7 water nymphs
  21 vault sentinels
  14 elephants
  2 guardian serpents (Desolation)
  6 eyes of devastation
  8 torpor snails
  30 moths of wrath
  An ice statue (D:10)
  4 centaur zombies
  2 molten gargoyles
  9 merfolk sirens
  An orange demon (D:6)
  7 cane toads
  3 gargoyles
  2 naga magi (D:15)
  A smoke demon (Depths:2)
  2 centaur skeletons (D:15)
  8 apocalypse crabs (Zot:2)
  Psyche (D:8)
  6 rime drakes
  7 demonic crawlers
  A tormentor (Depths:4)
  A rime drake (shapeshifter) (Elf:2)
  13 komodo dragons
  28 yaktaurs
  6 kobold demonologists
  3 tengu conjurers
  2 guardian mummies (Elf:1)
  An efreet (D:6)
  7 freezing wraiths
  An anaconda simulacrum (IceCv)
  2 ice devils
  2 human skeletons (Vaults:3)
  A hellwing (D:13)
  A red devil (D:13)
  7 trolls
  41 merfolk
  10 wind drakes
  2 queen bees (Gauntlet)
  5 polar bears
  10 hornets
  2 queen bees (shapeshifter)
  6 meliai
  46 saltlings (Desolation)
  A meliai zombie (Gauntlet)
  A slime creature (shapeshifter) (Depths:4)
  27 tarantellas
  9 dream sheep
  17 blink frogs
  66 slime creatures
  4 air elementals
  11 snapping turtles
  24 jumping spiders
  A dire elephant simulacrum (IceCv)
  4 wraiths
  4 shadows
  23 culicivoras
  4 fire bats (D:13)
  A spriggan (Depths:4)
  A vampire (D:12)
  A wyvern (shapeshifter) (Vaults:1)
  4 ynoxinuls
  2 fire elementals
  7 hogs (Shoals:2)
  25 water elementals
  33 yaks
  9 wyverns
  2 basilisks
  A yak (shapeshifter) (Depths:4)
  11 golden eyes
  A neqoxec (D:10)
  58 redbacks
  A chaos spawn (Depths:4)
  4 steam dragons
  A redback simulacrum (D:14)
  14 vampire mosquitoes
  A harpy simulacrum (IceCv)
  2 wargs
  An elf skeleton (Vaults:3)
  A swamp worm (shapeshifter) (Vaults:5)
  A hydra simulacrum (IceCv)
  4 acid dragons
  10 water moccasins
  A floating eye (Depths:3)
  A hell hound (D:13)
  An ice beast (Vaults:2)
  41 orc warriors
  An alligator simulacrum (IceCv)
  A sky beast (D:6)
  2 black bears
  11 ogres
  A boggart (D:13)
  6 wolves (Lair:1)
  9 centaurs
  7 kobold brigands
  4 phantoms
  Blork the orc (D:6)
  A gnoll sergeant (D:8)
  17 bullfrogs
  2 scorpions (D:5)
  A necrophage (D:7)
  4 earth elementals
  8 wights
  7 killer bees
  2 lindwurm simulacra (IceCv)
  6 howler monkeys
  8 electric eels
  2 lava snakes (D:13)
  5 hounds
  3 gnoll shamans
  30 orc priests
  A jelly (D:5)
  Natasha (thrice) (D:2)
  3 iguanas (D:5)
  26 orc wizards
  20 gnolls
  10 adders
  2 white imps (D:7)
  6 ufetubi
  3 worms
  3 dart slugs
  79 orcs
  2 bats
  5 endoplasms
  2 giant cockroaches
  10 hobgoblins
  7 jackals (D:2)
  4 quokkas
  6 ball pythons
  5 frilled lizards
  6 goblins
  32 kobolds
  8 rats
  3 fire vortices (D:13)
2366 creatures vanquished.

Vanquished Creatures (others)
  A fire dragon (Depths:3)
  A green death (D:3)
  A phantasmal warrior (Vaults:5)
  A guardian serpent (Desolation)
  A yaktaur (Vaults:3)
  A saltling (Desolation)
  A fire elemental (Elf:3)
  A centaur (D:12)
  3 orcs (D:7)
  An orc (shapeshifter) (Vaults:5)
  15 fungi
  105 plants
132 creatures vanquished.

Grand Total: 2498 creatures vanquished

Notes
Turn   | Place    | Note
-------+----------+-------------------------------------------
     0 | D:1      | Charly the Demonspawn Wanderer began the quest for the Orb.
     0 | D:1      | Charly set off with the following items: a +2 dagger, 4
                  | curare-tipped darts, a +0 falchion, a +0 scale mail, a
                  | scroll of blinking
     0 | D:1      | Reached XP level 1. HP: 13/13 MP: 1/1
   443 | D:1      | Gained mutation: You regenerate a little health from kills.
                  | [demonic ancestry]
   443 | D:1      | Reached XP level 2. HP: 20/20 MP: 2/2
   520 | D:1      | Reached skill level 1 in Fighting
   520 | D:1      | Reached skill level 1 in Stealth
  1352 | D:2      | Gained mutation: You may rarely emit foul miasma when
                  | damaged in melee. [demonic ancestry]
  1352 | D:2      | Reached XP level 3. HP: 27/27 MP: 3/3
  1361 | D:2      | Identified the +5 whip of the Carved God {distort, *Rage
                  | rN++ rCorr Str-5}
  1599 | D:2      | Noticed Natasha
  1614 | D:2      | Killed Natasha
  1615 | D:2      | Reached skill level 2 in Fighting
  1650 | D:2      | Reached XP level 4. HP: 34/34 MP: 4/4
  1908 | D:2      | Noticed Natasha
  1915 | D:2      | Killed Natasha
  1916 | D:2      | Noticed Natasha
  1927 | D:2      | Killed Natasha
  2459 | D:3      | Found a sacrificial altar of Ru.
  2463 | D:3      | Reached skill level 3 in Fighting
  2477 | D:3      | Gained mutation: You are partially covered in razor-sharp
                  | scales. (AC +1, Slay +1) [demonic ancestry]
  2477 | D:3      | Reached XP level 5. HP: 35/41 MP: 5/5
  2796 | D:3      | Reached skill level 1 in Short Blades
  2955 | D:3      | Found Ugoda's Weapon Boutique.
  3074 | D:3      | Reached XP level 6. HP: 47/47 MP: 6/6
  3290 | D:4      | Identified the +8 whip "Killer Klown's Foe" {elec, Will-
                  | Str+3 SInv}
  3661 | D:4      | Reached skill level 4 in Fighting
  3661 | D:4      | Reached skill level 1 in Maces & Flails
  3686 | D:4      | Found Azixie's Overcharged Wands.
  3799 | D:4      | Found an opulent altar of Gozag.
  4054 | D:5      | Entered Level 5 of the Dungeon
  4060 | D:5      | Gained mutation: You are mostly covered in razor-sharp
                  | scales. (AC +2, Slay +2) [demonic ancestry]
  4060 | D:5      | Reached XP level 7. HP: 53/54 MP: 7/7
  4131 | D:5      | Found Azxaddin's Specific Store.
  4133 | D:5      | Found Zeqopn's General Store.
  4291 | D:5      | Found a basalt altar of Yredelemnul.
  4299 | D:5      | Noticed a gargoyle
  4454 | D:5      | Reached skill level 5 in Fighting
  4465 | D:5      | Reached XP level 8. HP: 53/62 MP: 8/8
  4503 | D:5      | Noticed a troll
  4510 | D:5      | Killed a troll
  4511 | D:5      | Reached skill level 5 in Maces & Flails
  4655 | D:5      | Found a hide-covered altar of Uskayaw.
  4926 | D:6      | Reached skill level 6 in Fighting
  5270 | D:6      | Noticed Blork the orc
  5286 | D:6      | Killed Blork the orc
  5539 | D:6      | Reached XP level 9. HP: 71/71 MP: 9/9
  5696 | D:5      | Killed a gargoyle
  5697 | D:5      | Reached skill level 7 in Fighting
  6140 | D:7      | Found a staircase to the Ecumenical Temple.
  6146 | Temple   | Entered the Ecumenical Temple
  6315 | Temple   | Became a worshipper of the Wu Jian Council
  7502 | D:8      | Noticed Psyche
  7748 | D:7      | Found a shadowy altar of Dithmenos.
  7887 | D:7      | Reached skill level 1 in Dodging
  7893 | D:7      | Reached skill level 8 in Fighting
  7905 | D:7      | Reached XP level 10. HP: 64/80 MP: 10/10
  8390 | D:7      | Reached skill level 5 in Armour
  8454 | D:7      | Reached * piety under Wu Jian
  8849 | D:8      | Found a staircase to the Lair.
  9142 | D:8      | Killed Psyche
  9513 | D:9      | Found a flagged portal.
  9527 | Bailey   | Entered a bailey
  9538 | Bailey   | Noticed an orc warlord
  9569 | Bailey   | Reached ** piety under Wu Jian
  9598 | Bailey   | Found a runed translucent gate.
  9598 | Bailey   | Found a runed translucent gate.
  9598 | Bailey   | Found a runed translucent gate.
  9598 | Bailey   | Noticed an orc knight
  9627 | Bailey   | Killed an orc knight
  9628 | Bailey   | Reached skill level 10 in Maces & Flails
  9632 | Bailey   | Acquired 230 gold pieces
  9928 | Bailey   | Killed an orc warlord
  9929 | Bailey   | Reached skill level 9 in Fighting
  9947 | Bailey   | Acquired the ring "Obuchi" {rPois rF+ Will+ Dex+6 Slay+3}
 10045 | D:9      | Found a broken altar of Ashenzari.
 10207 | D:5      | Bought a potion of experience for 600 gold pieces
 10207 | D:5      | Reached skill level 11 in Fighting
 10207 | D:5      | Reached XP level 11. HP: 93/93 MP: 11/11
 10315 | D:9      | Noticed a two-headed ogre
 10320 | D:9      | Killed a two-headed ogre
 10321 | D:9      | Reached XP level 12. HP: 93/100 MP: 12/12
 10689 | D:9      | Found a snail-covered altar of Cheibriados.
 10689 | D:9      | Found an ancient bone altar of Kikubaaqudgha.
 10695 | D:9      | Reached skill level 1 in Evocations
 10831 | D:10     | Entered Level 10 of the Dungeon
 10844 | D:10     | Reached *** piety under Wu Jian
 10865 | D:10     | Noticed a two-headed ogre
 10873 | D:10     | Killed a two-headed ogre
 10990 | D:10     | Found a bloodstained altar of Trog.
 11069 | D:10     | Found a transporter.
 11424 | D:10     | Found a transporter.
 11428 | D:10     | Noticed a boulder beetle
 11429 | D:10     | Noticed Charly's ghost (journeyman HuCK)
 11911 | D:11     | Noticed a two-headed ogre
 11917 | D:11     | Killed a two-headed ogre
 12242 | D:11     | Noticed a two-headed ogre
 12250 | D:11     | Killed a two-headed ogre
 12250 | D:11     | Reached **** piety under Wu Jian
 12437 | Lair:1   | Entered Level 1 of the Lair of Beasts
 12572 | Lair:1   | Noticed a five-headed hydra
 12582 | Lair:1   | Killed a five-headed hydra
 12583 | Lair:1   | Reached skill level 5 in Dodging
 12586 | Lair:1   | Reached skill level 12 in Fighting
 13301 | Lair:2   | Reached skill level 5 in Evocations
 13716 | D:5      | Bought a condenser vane for 480 gold pieces
 13864 | Lair:2   | Gained mutation: You regenerate health from kills. [demonic
                  | ancestry]
 13864 | Lair:2   | Reached XP level 13. HP: 103/109 MP: 13/13
 14725 | Lair:3   | Reached skill level 13 in Fighting
 15520 | Lair:4   | Found a staircase to the Shoals.
 15892 | Lair:4   | Found a hole to the Spider Nest.
 16474 | Lair:5   | Reached ***** piety under Wu Jian
 16507 | Lair:5   | Reached skill level 10 in Armour
 17418 | Lair:6   | Entered Level 6 of the Lair of Beasts
 17440 | Lair:6   | Reached skill level 14 in Fighting
 17442 | Lair:6   | Gained mutation: You have a pair of small antennae on your
                  | head. [demonic ancestry]
 17442 | Lair:6   | Reached XP level 14. HP: 119/120 MP: 14/14
 18694 | Lair:6   | Found a viscous altar of Jiyva.
 18695 | Lair:6   | Found a staircase to the Slime Pits.
 19310 | D:5      | Bought a potion of haste for 120 gold pieces
 19468 | D:12     | Found a staircase to the Orcish Mines.
 20509 | D:13     | Reached skill level 10 in Evocations
 20517 | D:13     | Noticed Rupert
 20526 | D:13     | Killed Rupert
 20527 | D:13     | Reached skill level 15 in Fighting
 20856 | D:13     | Noticed a balrug
 20876 | D:13     | Killed a balrug
 20887 | D:13     | Noticed Lodul
 20902 | D:13     | Killed Lodul
 20903 | D:13     | Gained mutation: You sometimes emit foul miasma when
                  | damaged in melee. [demonic ancestry]
 20903 | D:13     | Reached XP level 15. HP: 65/129 MP: 5/15
 20911 | D:13     | Found a burning altar of Makhleb.
 20927 | D:13     | Identified the amulet of Bedame {Spirit *Corrode rC- rN+++
                  | Int+5}
 20930 | D:13     | Identified the ring "Somoi" {rCorr Slay+4}
 20936 | D:13     | Identified the +3 scale mail of Ivvach {rC- Dex+4}
 21252 | D:13     | Found a gate to the Vaults.
 22918 | D:14     | Identified the +3 hand axe of Bodily Harmony {vorpal, rN+
                  | Will- Dex+2}
 23215 | D:15     | Entered Level 15 of the Dungeon
 23295 | D:15     | Found a gate leading to a gauntlet.
 23301 | Gauntlet | Entered a Gauntlet
 23301 | Gauntlet | Found a transporter.
 23311 | Gauntlet | Found a transporter.
 23314 | Gauntlet | Found a transporter.
 23315 | Gauntlet | Found a transporter.
 23323 | Gauntlet | Found a transporter.
 23326 | Gauntlet | Found a transporter.
 23327 | Gauntlet | Found a transporter.
 23336 | Gauntlet | Found a transporter.
 23338 | Gauntlet | Found a transporter.
 23339 | Gauntlet | Found a transporter.
 23347 | Gauntlet | Found a transporter.
 23350 | Gauntlet | Found a transporter.
 23351 | Gauntlet | Found a transporter.
 23368 | Gauntlet | Found a transporter.
 23450 | Gauntlet | Got Sif Muna's Reference Book on Bewitchment and Toxins
 23915 | D:15     | Noticed Louise
 23925 | D:15     | Killed Louise
 24227 | D:15     | Reached skill level 1 in Spellcasting
 24635 | D:15     | Found a staircase to the Depths.
 24987 | D:10     | Reached skill level 16 in Fighting
 24996 | D:10     | Killed Charly's ghost
 25221 | Orc:1    | Entered Level 1 of the Orcish Mines
 25221 | Orc:1    | Found a bloodstained altar of Trog.
 25516 | Orc:2    | Entered Level 2 of the Orcish Mines
 25541 | Orc:2    | Noticed Snorg
 25554 | Orc:2    | Killed Snorg
 25576 | Orc:2    | Reached XP level 16. HP: 126/138 MP: 16/20
 25584 | Orc:2    | _____
 25643 | Orc:2    | Found Utuuly Ynwi's Antique Armour Boutique.
 25643 | Orc:2    | Found Dafauphu's Assorted Antiques.
 25644 | Orc:2    | Found Xinku's Jewellery Boutique.
 25644 | Orc:2    | Found Niveck's Antique Armour Shop.
 25875 | Orc:2    | Found Pubekk's Weapon Boutique.
 25935 | Orc:2    | Found a staircase to the Elven Halls.
 26117 | Orc:1    | Found Unni's Jewellery Emporium.
 26283 | Orc:2    | Bought a slimy ring mail for 306 gold pieces
 26283 | Orc:2    | Identified the +1 ring mail of the Spider Nest {*Slow MP-9
                  | Str+8 Int+2} (You bought it in a shop on level 2 of the
                  | Orcish Mines)
 26288 | Orc:2    | Bought a potion of curing for 87 gold pieces
 26288 | Orc:2    | Bought a potion of curing for 87 gold pieces
 26541 | D:4      | Bought a wand of acid (18) for 660 gold pieces
 26541 | D:4      | Bought a wand of iceblast (18) for 330 gold pieces
 26541 | D:4      | Bought a wand of iceblast (18) for 330 gold pieces
 26746 | Spider:1 | Entered Level 1 of the Spider Nest
 28811 | Spider:2 | Reached skill level 5 in Spellcasting
 28889 | Spider:2 | Noticed Arachne
 28914 | Spider:2 | Killed Arachne
 29446 | Spider:3 | Found a frozen archway.
 29467 | IceCv    | Entered an ice cave
 29485 | IceCv    | Found a transporter.
 29517 | IceCv    | Found a transporter.
 29530 | IceCv    | Reached skill level 10 in Dodging
 29530 | IceCv    | Gained mutation: You have a pair of antennae on your head.
                  | [demonic ancestry]
 29530 | IceCv    | Reached XP level 17. HP: 125/146 MP: 20/25
 29763 | Spider:3 | Reached skill level 17 in Fighting
 29931 | Spider:3 | Reached ****** piety under Wu Jian
 30862 | Spider:4 | Entered Level 4 of the Spider Nest
 31754 | Spider:4 | Got a gossamer rune of Zot
 31944 | Shoals:1 | Entered Level 1 of the Shoals
 32842 | Shoals:2 | Learned a level 2 spell: Wereblood
 33008 | Shoals:2 | Reached skill level 1 in Transmutations
 33024 | Shoals:2 | Reached skill level 18 in Fighting
 33087 | Shoals:2 | Reached skill level 15 in Armour
 33227 | Shoals:2 | Reached XP level 18. HP: 153/157 MP: 27/30
 33311 | Shoals:2 | Noticed Polyphemus
 33325 | Shoals:2 | Killed Polyphemus
 33413 | Shoals:2 | Noticed Kirke
 33429 | Shoals:2 | Killed Kirke
 33878 | Shoals:2 | Learned a level 2 spell: Passwall
 33880 | Shoals:2 | Learned a level 1 spell: Beastly Appendage
 33939 | Shoals:3 | Noticed Nikola
 33949 | Shoals:3 | Killed Nikola
 35005 | Shoals:4 | Entered Level 4 of the Shoals
 35170 | Shoals:4 | Reached skill level 10 in Spellcasting
 35298 | Shoals:4 | Identified the amulet of Anweps {RegenMP rC+ rCorr}
 35331 | Shoals:4 | Got a barnacled rune of Zot
 35382 | Shoals:4 | Identified the +1 ring mail of Mevunih {-Tele rElec Will++}
 35705 | Shoals:4 | Identified the +7 short sword of Thoughtfulness {flame,
                  | rF+}
 36042 | Vaults:1 | Entered Level 1 of the Vaults
 36063 | Vaults:1 | Found a runed translucent gate.
 36063 | Vaults:1 | Found a runed translucent gate.
 36063 | Vaults:1 | Found a runed translucent gate.
 36063 | Vaults:1 | Found an opulent altar of Gozag.
 36146 | Elf:1    | Entered Level 1 of the Elven Halls
 36147 | Elf:1    | Paralysed by an air elemental for 1 turns
 36232 | Elf:1    | Noticed Aizul
 36234 | Elf:1    | Found a crumbling gateway.
 36249 | Desolati | Entered the Desolation of Salt
 36259 | Desolati | Reached XP level 19. HP: 141/165 MP: 24/33
 36283 | Desolati | Reached skill level 19 in Fighting
 36330 | Desolati | Reached skill level 5 in Transmutations
 36398 | Desolati | Got Sif Muna's Handbook of Dislocation and Earth
 36402 | Desolati | Got Onuan's Disquisition on Lightness
 36573 | Desolati | Identified the amulet "Riusixto" {Reflect rElec Int-5
                  | Slay+5 SH+5}
 36625 | Desolati | Got the Almanac of Dislocation and the Arsonist
 36691 | Desolati | Got the Volume of Torrid Transmutation
 36752 | Desolati | Identified the +0 leather armour of Chimes {rF+ SInv}
 36964 | Elf:1    | Killed Aizul
 37345 | Elf:1    | Found a portal to a secret trove of treasure.
 37842 | Elf:2    | Reached skill level 1 in Shields
 37858 | Elf:2    | Identified the +0 scale mail of Worooges {rPois rC- rCorr
                  | Dex+4}
 37906 | Elf:2    | Acquired 1225 gold pieces
 38013 | Elf:2    | Noticed a Tzitzimitl
 38025 | Elf:2    | Found a runed translucent gate.
 38026 | Elf:2    | Found a runed translucent gate.
 38026 | Elf:2    | Found a runed translucent gate.
 38833 | Elf:3    | Entered Level 3 of the Elven Halls
 38880 | Elf:3    | Gained mutation: You frequently emit foul miasma when
                  | damaged in melee. [demonic ancestry]
 38880 | Elf:3    | Reached XP level 20. HP: 167/176 MP: 32/34
 39116 | Elf:3    | Identified the +2 kite shield of Entitlement {rPois}
 39116 | Elf:3    | Noticed Donald
 39124 | Elf:3    | Killed Donald
 39256 | Elf:3    | Reached skill level 20 in Fighting
 39334 | Elf:3    | Identified the +1 plate armour of Stoicism {Slay+3}
 39339 | Elf:3    | Identified the +11 morningstar "Xujomym" {flame, rElec
                  | Int+3 Stlth+}
 39340 | Elf:3    | Identified the ring "Zeuxtiec" {Wiz *Corrode Will- Int+7
                  | SInv}
 39344 | Elf:3    | Identified the amulet of Goirph {rPois rF++ rC+ Regen+
                  | Dex-4}
 39348 | Elf:3    | Reached skill level 5 in Shields
 39350 | Elf:3    | Found the +7 captain's cutlass {speed, disarm}
 39375 | Elf:3    | Identified the +5 mace "Cethabuff" {vorpal, Dex+4}
 39430 | Elf:3    | Identified the ring of Cidupur {rPois rF+ MP+9 Str+4}
 39433 | Elf:3    | Identified the +1 scale mail of the Floral God {Regen+
                  | Str+2}
 39451 | Elf:3    | Identified the +0 robe of Eternal Vigilance {Int+4}
 39459 | Elf:3    | Identified the +4 whip "Xivaecw" {chaos, rElec rPois Str+8}
 39461 | Elf:3    | Got the Grimoire of Transmigration
 39496 | Elf:3    | Acquired 821 gold pieces
 39597 | Elf:3    | Found Wall's Weapon Emporium.
 40668 | Vaults:1 | Noticed Saint Roka
 40690 | Vaults:1 | Killed Saint Roka
 40823 | Vaults:1 | Found Uwyjat's Antique Weapon Emporium.
 40845 | Vaults:1 | Noticed Asterion
 41621 | Vaults:1 | Killed Asterion
 41622 | Vaults:1 | Gained mutation: You regenerate a lot of health from kills.
                  | [demonic ancestry]
 41622 | Vaults:1 | Reached XP level 21. HP: 174/184 MP: 35/35
 41668 | Vaults:1 | Noticed Aelig's ghost (adept KoEn)
 41669 | Vaults:1 | Found San Difo's Assorted Antiques.
 41684 | Vaults:1 | Killed Aelig's ghost
 41717 | Vaults:1 | Bought a scroll of blinking for 262 gold pieces
 41717 | Vaults:1 | Bought a potion of resistance for 350 gold pieces
 42188 | Vaults:2 | Found Pycoggi's Antique Armour Emporium.
 42202 | Vaults:2 | Bought a glowing buckler for 240 gold pieces
 42222 | Vaults:2 | Reached skill level 15 in Evocations
 42659 | Vaults:2 | Found a staircase to the Crypt.
 43135 | Vaults:2 | Reached skill level 21 in Fighting
 43472 | Vaults:2 | 167%
 43697 | Vaults:3 | Noticed Frederick
 43707 | Vaults:3 | Killed Frederick
 43727 | Vaults:3 | Identified the ring "Ebalupto" {*Slow Str+6 Slay+3 Stlth+}
 44492 | Vaults:4 | Gained mutation: Your hexes are more powerful. [demonic
                  | ancestry]
 44492 | Vaults:4 | Reached XP level 22. HP: 163/194 MP: 36/36
 44930 | Vaults:4 | Found Pezxiag's Distillery.
 44938 | Vaults:4 | Bought a potion of heal wounds for 80 gold pieces
 44938 | Vaults:4 | Bought a potion of magic for 128 gold pieces
 45657 | Depths:1 | Entered Level 1 of the Depths
 45682 | Depths:1 | Found a one-way gateway to a ziggurat.
 45749 | Depths:1 | Reached skill level 15 in Dodging
 45750 | Depths:1 | Found a broken altar of Ashenzari.
 45914 | Depths:1 | Found a gateway to Hell.
 46006 | Depths:1 | Reached skill level 22 in Fighting
 46386 | Depths:2 | Found a one-way gate leading to the halls of Pandemonium.
 47096 | Depths:2 | Reached XP level 23. HP: 131/204 MP: 37/37
 47453 | Depths:3 | Found a one-way gate to the infinite horrors of the Abyss.
 47487 | Depths:3 | Noticed Boris
 47500 | Depths:3 | Killed Boris
 48041 | Depths:3 | Noticed an ancient lich
 48050 | Depths:3 | Killed an ancient lich
 48078 | Depths:3 | Identified the ring of Agaazxeh {rElec Will- Str+3 SInv}
 48306 | Depths:4 | Entered Level 4 of the Depths
 49483 | Depths:4 | Found a gate to the Realm of Zot.
 50048 | Slime:1  | Entered Level 1 of the Pits of Slime
 50172 | Slime:5  | Entered Level 5 of the Pits of Slime
 50194 | Slime:5  | Reached skill level 23 in Fighting
 50204 | Slime:5  | Noticed the Royal Jelly
 50209 | Slime:5  | Killed the Royal Jelly
 50246 | Slime:5  | Gained mutation: Your melee attacks may debilitate your
                  | foes. [demonic ancestry]
 50246 | Slime:5  | Reached XP level 24. HP: 214/214 MP: 37/37
 50303 | Slime:5  | Reached skill level 10 in Shields
 50375 | Slime:5  | Got a slimy rune of Zot
 50377 | Slime:5  | Got the Papyrus of the Glacial Compass
 50583 | Lair:6   | 177%
 50956 | Vaults:5 | Entered Level 5 of the Vaults
 50994 | Vaults:5 | Noticed a dread lich
 51014 | Vaults:5 | Killed a dread lich
 51083 | Vaults:5 | Noticed a dread lich
 51089 | Vaults:5 | Killed a dread lich
 51100 | Vaults:5 | Identified the ring "Jamuqaf" {Fly Will+ Str+6}
 51455 | Vaults:5 | Got the Reference Book on Malediction and Snow
 51471 | Vaults:5 | Got a silver rune of Zot
 51485 | Vaults:5 | Identified the +1 dagger "Sinuotish" {pain, Drain Int+3
                  | Dex+8 Stlth+}
 51561 | Vaults:5 | Noticed an ancient lich
 51572 | Vaults:5 | Killed an ancient lich
 52412 | Zot:1    | Entered Level 1 of the Realm of Zot
 52431 | Zot:1    | Reached skill level 15 in Maces & Flails
 52547 | Zot:1    | Gained mutation: You have a pair of large antennae on your
                  | head. (SInv) [demonic ancestry]
 52547 | Zot:1    | Reached XP level 25. HP: 218/223 MP: 37/37
 52706 | Zot:1    | Noticed an orb of fire
 52717 | Zot:1    | Gained mutation: Armour fits poorly on your strangely
                  | shaped body. [an orb of fire]
 52722 | Zot:1    | Gained mutation: You expend magic power (3 MP) to
                  | strengthen your wands. [an orb of fire]
 52734 | Zot:1    | Gained mutation: You are occasionally teleported next to
                  | monsters. [an orb of fire]
 52743 | Zot:1    | Gained mutation: You are clumsy. (Dex -2) [an orb of fire]
 52749 | Zot:1    | Gained mutation: You are frail. (-10% HP) [an orb of fire]
 52750 | Zot:1    | Gained mutation: You are very clumsy. (Dex -4) [an orb of
                  | fire]
 52751 | Zot:1    | Killed an orb of fire
 52754 | Zot:1    | Lost mutation: Armour fits poorly on your strangely shaped
                  | body. [potion of mutation]
 52754 | Zot:1    | Lost mutation: You are occasionally teleported next to
                  | monsters. [potion of mutation]
 52754 | Zot:1    | Gained mutation: Your body sometimes deteriorates upon
                  | taking damage. [potion of mutation]
 52754 | Zot:1    | Gained mutation: Your system is resistant to poisons.
                  | (rPois) [potion of mutation]
 52754 | Zot:1    | Gained mutation: You are partially covered in large bone
                  | plates. (SH +4) [potion of mutation]
 52755 | Zot:1    | Lost mutation: You are frail. (-10% HP) [potion of
                  | mutation]
 52755 | Zot:1    | Lost mutation: Your body sometimes deteriorates upon taking
                  | damage. [potion of mutation]
 53617 | Zot:2    | Noticed an orb of fire
 53630 | Zot:2    | Killed an orb of fire
 53631 | Zot:2    | Reached skill level 24 in Fighting
 53796 | Zot:2    | You are sucked into a shaft and drop 1 floor!
 53966 | Zot:3    | Noticed an orb of fire
 53978 | Zot:3    | Gained mutation: You do not regenerate when monsters are
                  | visible. [an orb of fire]
 53986 | Zot:3    | Killed an orb of fire
 54000 | Zot:3    | Lost mutation: Your system is resistant to poisons. (rPois)
                  | [potion of mutation]
 54000 | Zot:3    | Lost mutation: You do not regenerate when monsters are
                  | visible. [potion of mutation]
 54000 | Zot:3    | Lost mutation: You are very clumsy. (Dex -4) [potion of
                  | mutation]
 54000 | Zot:3    | Gained mutation: Your muscles are strong. (Str +2) [potion
                  | of mutation]
 54000 | Zot:3    | Gained mutation: You passively map a small area around you.
                  | [potion of mutation]
 54074 | Zot:3    | Identified the +6 double sword "Tuur" {speed, Will- Int+5}
 54075 | Zot:3    | Identified the +10 double sword "Hikoraax" {flame, Int+3
                  | Dex+2 SInv}
 54095 | Zot:3    | Identified the +9 double sword "Onamn" {freeze, rElec rC++
                  | Str+4}
 54968 | Zot:2    | Paralysed by you for 2 turns
 56154 | Zot:4    | Found a transporter.
 56155 | Zot:4    | Noticed Eceiz's ghost (legendary GnWn)
 56156 | Zot:4    | Found a transporter.
 56197 | Zot:4    | Gained mutation: You are completely covered in razor-sharp
                  | scales. (AC +3, Slay +3) [demonic ancestry]
 56197 | Zot:4    | Reached XP level 26. HP: 233/233 MP: 37/37
 56683 | Zot:5    | Entered Level 5 of the Realm of Zot
 57113 | Zot:5    | 22/20 sh/ev
 57190 | Zot:5    | Noticed a dread lich
 57193 | Zot:5    | Killed a dread lich
 57194 | Zot:5    | Reached skill level 25 in Fighting
 57208 | Zot:5    | Noticed an orb of fire
 57223 | Zot:5    | Gained mutation: You are very clumsy. (Dex -4) [an orb of
                  | fire]
 57225 | Zot:5    | Noticed an orb of fire
 57229 | Zot:5    | Killed an orb of fire
 57230 | Zot:5    | 20ev
 57233 | Zot:5    | Gained mutation: Your spells are a little easier to cast,
                  | but a little less powerful. [an orb of fire]
 57234 | Zot:5    | Killed an orb of fire
 57298 | Zot:5    | Noticed an orb of fire
 57313 | Zot:5    | Killed an orb of fire
 57314 | Zot:5    | 40/21 ac/ev
 57314 | Zot:5    | Noticed an ancient lich
 57324 | Zot:5    | Killed an ancient lich
 57754 | Zot:5    | Got the Orb of Zot
 57987 | Depths:1 | Noticed Boris
 58041 | D:14     | Noticed Jore the pandemonium lord
 58440 | D:$      | Escaped with the Orb!

Illustrated notes ##...........# #......$.....# ##.#§§§§§oo..# #...§☼§☼oo)########### # #...☼☼§oo☼))))..##.#☼#.. ##.§§§☼○o°))))).....§☼.. ###.§§☼oooo).).).))..§§.. #...§§§§oo§))....().#☼§.# .....°☼§☼@§§)))...#### ... .....##§§§☼☼.......# .. ..... #☼§§§§........# #. .... ...............^# # #. #..................# . .......#............# ##....##....#$..##.## ##... ...##.... Turn 25584 on Orc:2: _____ ################################# ................................. ..################'#####....##### ..# #..........#....# ..# #...@......#....# ..# #..........#....# ..# #..........#....# ..# #..........#....# ..# #..........#....# ..# ######'######....# ..# #........# #....# ..# #........# #....# ..# #........# #....# Turn 43472 on Vaults:2: 167% ### ####### ##### #.## #..#..# ##.#P## ##..## .....P# ##.#...###....## #### ......### ##.#....P##P....####... .......P###.....@.....P....##PP.. ..P......##.P........P........... ..<................###P.#....#... .......#P......###.# #####....#.. ....#####...#### ### #....#.. ..#..# ##....# #....... ###### #...### ##...... ###.....## #...... ##....P...### ###..... Turn 50583 on Lair:6: 177%

....######..#.###.........#####..
......................⌠..## #°§
.....###.#.......###.....## #○○
....=# #.#.#<....#........# #☼§
.....###.#.#..#.##....#########..
####.......#..#.##....# #.○○§(..
...###.....#..#.##....# #.☼○§...
##..^...........##....# #.§§....
#######.<......)@.....# ######..
.....#####....).).....# #☼°
...#.### ###.##.[.....# #☼°
...#...#####.##.......##### #§§
...###.#.....##...........#####..
..........^..##.......###........
......##.....##.^.....# #########
......##.....##########
.....###....##


Turn 57113 on Zot:5: 22/20 sh/ev **,,,,,,,,,,,,,,** #..§§§§ **,,..............##
##☼§§§§ **,,,......^........## #☼§☼☼☼ *,^,,................# ##§§§§
*,,,,................# #§☼☼☼ *^,,,................# ##☼§§§
*,,,,.....§§§§☼☼§§...# #§§§☼☼ *,,,,.....§§§§☼☼§§...# ##☼§§☼§
*,,,,..p..{§d@§§§§.^.###§§§☼§. **,,,.....§§*y☼§☼§..###☼§☼####
**,,.....§§§§§§§§.##§§☼☼## **,.......§§§☼§°...§☼### **.....##▓▓▓▓▓▓▓▓▓▓▓#
**^.....,,,,{,,,,**** **,,....,,,,,,,,,,,,,*** **,,,....,^,,,,,,,,,,,,^**
*,,,,,,,,,,,,,,,,,,,,,,,,* *** Turn 57230 on Zot:5: 20ev ▓▓▓▓▓▓▓▓▓# ********
○§...▓▓▓▓ ****,,, §§☼.....▓## ***,,^,,, §§○......^## **,,,,,,,, §§☼§☼......#
*▓▓▓▓▓▓▓▓ *,,,,,,,,, §○§☼○☼..§☼§▓▓▓.......▓▓*,,,,,,,,,
§☼§☼§§§☼§§§▓▓§§§§☼☼?^.▓▓,,,,,,,,, ☼☼§☼☼§☼☼☼§☼▓☼§§☼§§☼.{^.▓,,,,,,,,,
☼☼☼☼☼☼§§§§§§§☼§§@☼p{..{*,,,,,,,,, .☼§☼§☼§§§☼§▓☼☼☼☼☼§☼....▓,,,,,,,,,
..§☼☼§☼§§§☼▓▓§§☼☼☼§...▓▓,,,,,,,,, ..§§☼§§§§☼☼▓▓▓§☼☼§§..▓▓*,,,,,,,,, ...........▓
*▓▓▓▓▓▓▓▓ *,,,,,,,,, ..........▓▓ **,,^,,,,, ........▓▓▓ ***,,,,,, .....▓▓▓▓
****,,, ▓▓▓▓▓▓ **** Turn 57314 on Zot:5: 40/21 ac/ev

Levels and vault maps discovered:
D:1:      amcnicky_arrival_gap_in_the_tavern_cellar, layout_loops_corners
D:2:      layout_loops_ring, uniq_natasha
D:3:      layout_rooms, nicolae_ru_great_annihilating_truth, serial_shops,
          nicolae_shop_bloodbath_and_beyond, minmay_fractal_squares_5
D:4:      layout_basic, mainiacjoe_overflow_small_starburst,
          mainiacjoe_overflow_six_doors_small, hangedman_decor_diamond_cutter,
          nicolae_shop_overcharged_wands
D:5:      layout_gridville, lemuel_crystal_altar, mainiacjoe_overflow_24_doors,
          serial_glass, glass_columns_a, glass_columns_a, glass_columns_b,
          glass_columns_b, glass_columns_a, glass_columns_a,
          nicolae_specific_store, wad_rectangle_vault
D:6:      layout_cave_pools, uniq_blork_the_orc
D:7:      layout_loops_ring, mainiacjoe_overflow_brackets,
          minmay_temple_entry_drinking_statues, serial_bayou_lagoon_b
D:8:      layout_basic, lair_entry_dummy, nrook_campfire, uniq_psyche
D:9:      layout_basic, mainiacjoe_overflow_alcove_4, elyvilon_altar_1,
          grunt_temple_overflow_open, enter_bailey_6
D:10:     layout_stronghold, tgw_trog, nzn_ghost_randoct,
          minmay_sticks_and_stones
D:11:     layout_rooms, serial_curves, eino_curves_01, eino_curves_04
D:12:     layout_gridville, orc_0_dummy
D:13:     evilmike_makhleb_hellhole, layout_rooms,
          hangedman_vaults_entry_quadrant_bands, hangedman_incinerator,
          uniq_rupert, uniq_lodul
D:14:     layout_loops_corners, serial_bayou_shore_b, kennysheep_generic_room_6
D:15:     grunt_enter_depths_magical_seal, layout_long_grid,
          gauntlet_entry_generic, uniq_louise
Temple:   minmay_temple_curvy_loop
Lair:1:   layout_small_grid
Lair:2:   layout_big_grid, lemuel_fruit_fields
Lair:3:   layout_long_grid, grunt_megastairs_5
Lair:4:   layout_loops_ring, elwin_shoals_entry_rooms, dummy_spider_entry,
          grunt_megastairs_1
Lair:5:   layout_regular_city, cheibrodos_lair_caveside_slide,
          beast_lair_carwin_4
Lair:6:   gammafunk_lair_ancient_temple, layout_cave_pods, slime_altar_1,
          st_stairs_5, serial_bayou_shore_a
Shoals:1: layout_shoals, nicolae_shoals_stone_sculpture_thing,
          nzn_prometheus_bound
Shoals:2: layout_shoals, uniq_polyphemus, uniq_kirke
Shoals:3: layout_shoals, nicolae_shoals_lost_giant_amphitheater, uniq_nikola
Shoals:4: shoals_end_hellmonk_lost_city
Spider:1: layout_spider_delve, nicolae_spider_orb_run
Spider:2: layout_spider_delve, nicolae_spider_claw_tunnel, uniq_arachne
Spider:3: layout_chambers, portal_ice_cave_entry_pillars_three, drop_trap
Spider:4: spider_rune_water
Slime:1:  layout_caves
Slime:2:  layout_caves
Slime:3:  layout_caves
Slime:4:  layout_caves
Slime:5
Orc:1:    layout_caves, basic_altar, serial_shops, shop
Orc:2:    st_orc_pillars, layout_caves, serial_shops, shop, uniq_snorg
Elf:1:    layout_geoelf_octagon, portal_desolation_entry_nicolae_slug,
          nicolae_trove_entry_path_of_doom, hangedman_elf_represent, uniq_aizul
Elf:2:    nicolae_elf_blades_crystal_corner, layout_loops_corners,
          roderic_nine_men_s_morris
Elf:3:    minmay_elf_hall_statues, layout_rooms, serial_shops, shop, uniq_donald
Vaults:1: ebering_ghost_gozag, nicolae_vaults_arrows, v_misc_1, v_misc_24,
          nicolae_vaults_triangles, ontoclasm_vaults_echo, vaults_room_corners,
          ontoclasm_vaults_decontamination, vaults_room_hallway,
          vaults_dpeg_ring, vaults_room_pool, layout_vaults_omnicross,
          serial_shops, shop, uniq_asterion, uniq_saint_roka
Vaults:2: nicolae_vaults_little_squares_6, v_misc_18, vaults_mumra_chevron,
          v_misc_17, nicolae_vaults_big_ls, nicolae_vaults_network_periphery,
          v_misc_19, ontoclasm_vaults_loading_screen, serial_ice_b,
          nicolae_vaults_border_crossing, grunt_vaults_hallway_short,
          layout_vaults_quadrants, blue_anna_dwarven_crypt, serial_shops,
          nicolae_shop_hallway_stairs
Vaults:3: v_misc_15, hangedman_vaults_stitches, grunt_vaults_focal,
          vaults_room_corners, nicolae_vaults_network_s,
          nicolae_vaults_what_the_h, hangedman_vaults_unwind,
          vaults_standard_mumra_x, nicolae_vaults_little_squares_4, v_misc_8,
          v_misc_13, nicolae_vaults_theta, st_lattice, vaults_room_pools,
          layout_vaults_maze_bifur, uniq_frederick
Vaults:4: dpeg_vaults_monster_row, grunt_vaults_hallway_short,
          nicolae_vaults_little_squares_3, vaults_standard_mumra_lines,
          vaults_room_hallway, hangedman_vaults_impose,
          vaults_dpeg_encased_lava, ontoclasm_vaults_ring_small,
          vaults_room_door_ring, hangedman_vaults_river_flow,
          nicolae_vaults_little_ls, vaults_room_grunt_arrival_ludios,
          layout_vaults_omnibox, serial_shops, nicolae_shop_waterfront
Vaults:5
Depths:1: layout_cave_pools, enter_ziggurat_d, minmay_misc_feat_doors,
          pf_dread_powers_of_hell, ashenzari_conservatory_becter
Depths:2: kennysheep_windowed_halls, layout_cave_shapes, grunt_pan_entry_zigzag,
          hell_entry, grunt_ministairs_13, minmay_staircase_bubble
Depths:3: evilmike_pillar_path, layout_honeycomb, minmay_misc_feat_diagonals,
          abyss_entry, hell_entry, infiniplex_staircase_pool_2, uniq_boris
Depths:4: evilmike_zot_entry_gauntlet, layout_cave_shapes,
          rand_demon_pan_entry_4, grunt_hell_entry_dis_mu
Zot:1:    layout_twisted_circle
Zot:2:    gammafunk_mikee_crab_dinner, layout_gridlike, st_stairs_11
Zot:3:    layout_onion, nicolae_rock_paper_scissors
Zot:4:    layout_gridlike, gammafunk_ghost_arena
Zot:5:    layout_basic, lemuel_flame_loot_1

Skill      XL: |  1  2  3  4  5  6  7  8  9 10 11 12 13 14 15 16 17 18 19 20 21 22 23 24 25 26 |
---------------+-------------------------------------------------------------------------------+-----
Throwing       | 2 3 4 |  4.0
Fighting       | 1 2 3 4 5 6 8 11 12 14 15 16 18 19 20 21 22 23 24 25 | 25.0
Stealth        | 1 2 3 |  3.4
Short Blades   | 1 |  1.5
Maces & Flails | 1 4 6 9 12 13 14 15 | 15.0
Dodging        | 1 2 5 6 8 10 11 12 13 14 15 16 17 18 20 | 20.0
Armour         | 6 8 10 12 13 15 17 18 19 20 21 22 | 22.9
Evocations     | 5 8 10 11 12 13 14 15 | 15.0
Spellcasting   | 3 5 8 10 | 10.0
Transmutations | 1 4 5 |  5.0
Shields        | 3 6 8 9 11 13 14 | 14.5
Long Blades    | |  2.6

Action                   |  1- 3 |  4- 6 |  7- 9 | 10-12 | 13-15 | 16-18 | 19-21 | 22-24 | 25-27 || total
-------------------------+-------+-------+-------+-------+-------+-------+-------+-------+-------++-------
Melee: Dagger            |   104 |   122 |       |       |       |       |       |       |       ||   226
       Punch             |       |     3 |     6 |     5 |    24 |    22 |     5 |       |       ||    65
       Whip              |       |    34 |   222 |   526 |   908 |       |       |       |       ||  1690
       Dire flail        |       |       |       |       |    22 |       |       |       |       ||    22
       Demon whip        |       |       |       |       |   488 |  1541 |  1530 |  1941 |  1177 ||  6677
       Kick              |       |       |       |       |       |     1 |       |       |       ||     1
Throw: Dart              |     8 |    11 |    12 |     8 |    11 |    15 |       |       |       ||    65
       Throwing net      |       |       |       |       |     1 |       |       |       |       ||     1
 Cast: Wereblood         |       |       |       |       |       |    13 |    22 |    22 |    11 ||    68
       Beastly Appendage |       |       |       |       |       |     1 |       |       |       ||     1
Invok: Lunge             |       |       |     9 |    71 |   137 |   196 |   171 |   173 |    70 ||   827
       Whirlwind         |       |       |       |    90 |   298 |   360 |   378 |   592 |   317 ||  2035
       Heavenly Storm    |       |       |       |       |     4 |     4 |     6 |     5 |     4 ||    23
       Serpent's Lash    |       |       |       |       |       |       |       |       |     1 ||     1
 Abil: Wall Jump         |       |       |       |       |     9 |     6 |    29 |    21 |     9 ||    74
Evoke: Wand              |       |       |       |     1 |     2 |    10 |       |     1 |       ||    14
       Condenser vane    |       |       |       |       |     4 |     1 |     1 |       |       ||     6
       Phantom mirror    |       |       |       |       |     2 |       |     1 |       |       ||     3
       Tin of tremorston |       |       |       |       |       |       |       |       |     1 ||     1
  Use: Scroll            |     2 |     3 |     5 |    15 |    19 |     6 |     6 |     9 |     4 ||    69
       Potion            |       |       |       |     3 |     5 |     3 |     3 |     3 |    12 ||    29
 Stab: Paralysed         |       |     1 |       |       |       |       |       |       |     2 ||     3
       Distracted        |       |       |       |       |     3 |    21 |    17 |    22 |     2 ||    65
       Sleeping          |       |       |       |       |       |       |     1 |     5 |     3 ||     9
       Confused          |       |       |       |       |       |       |       |       |     1 ||     1
Armor: Scale mail        |    51 |    81 |    88 |       |       |       |       |       |       ||   220
       Plate armour      |       |       |     6 |   164 |   408 |   109 |       |       |       ||   687
       Ice dragon scales |       |       |       |       |       |   245 |   221 |   183 |   185 ||   834
Dodge: Dodged            |    42 |    82 |    75 |    79 |   298 |   523 |   386 |   456 |   386 ||  2327
Block: Buckler           |       |       |       |       |       |       |   246 |   402 |   386 ||  1034
       Other             |       |       |       |       |       |       |     4 |       |       ||     4
       Reflection        |       |       |       |       |       |       |    44 |    10 |     4 ||    58

Table legend: (Time is in decaauts)
 A = Elapsed time spent in this place.
 B = Non-inter-level travel time spent in this place.
 C = Inter-level travel time spent in this place.
 D = Time resting spent in this place.
 E = Time spent auto-exploring this place.
 F = Levels seen in this place.
 G = Mean time per level.
                   A        B        C        D        E       F      G
               +--------+--------+--------+--------+--------+-----+--------+
         Total |  57261 |  50842 |   6419 |   1099 |  37835 |  58 |  987.3 |
       Dungeon |  18750 |  15726 |   3024 |    977 |  11498 |  15 | 1250.0 |
        Temple |    180 |    170 |     10 |      0 |    151 |   1 |  180.0 |
          Lair |   6883 |   6173 |    710 |      0 |   5251 |   6 | 1147.2 |
        Shoals |   3818 |   3564 |    254 |      3 |   2780 |   4 |  954.5 |
   Spider Nest |   4880 |   4335 |    545 |     98 |   3308 |   4 | 1220.0 |
    Slime Pits |    499 |    477 |     22 |      0 |    166 |   5 |   99.8 |
  Orcish Mines |   1167 |    952 |    215 |      0 |    715 |   2 |  583.5 |
   Elven Halls |   3082 |   2855 |    227 |     14 |   2060 |   3 | 1027.3 |
        Vaults |   6723 |   6200 |    523 |      0 |   4601 |   5 | 1344.6 |
        Depths |   4271 |   3613 |    658 |      0 |   2605 |   4 | 1067.8 |
           Zot |   5245 |   5018 |    227 |      1 |   3745 |   5 | 1049.0 |
        Bailey |    405 |    405 |      0 |      0 |    236 |   1 |  405.0 |
      Ice Cave |     98 |     98 |      0 |      0 |     19 |   1 |   98.0 |
    Desolation |    683 |    683 |      0 |      5 |    300 |   1 |  683.0 |
      Gauntlet |    572 |    572 |      0 |      0 |    398 |   1 |  572.0 |
               +--------+--------+--------+--------+--------+-----+--------+

Top non-repeatable levels by time:
     D:7: 2363 daAuts
Spider:1: 1979 daAuts
    D:14: 1930 daAuts
Vaults:1: 1842 daAuts
Vaults:2: 1821 daAuts
  Lair:6: 1726 daAuts
    D:10: 1580 daAuts
  Lair:4: 1405 daAuts
   Zot:2: 1395 daAuts
     D:5: 1388 daAuts
Depths:3: 1374 daAuts
     D:8: 1316 daAuts
Spider:3: 1314 daAuts
     D:2: 1291 daAuts
   Elf:2: 1231 daAuts
